 Dungeon Crawl Stone Soup version 0.24.0 (webtiles) character file.

Game seed: 3711854008345586586, levelgen mode: deterministic

61 GoblinMemester the Conjurer (level 4, -1/29 HPs)
             Began as an Octopode Wanderer on Feb 6, 2020.
             Slain by a worker ant (8 damage)
             ... on level 4 of the Dungeon.
             The game lasted 00:12:57 (1469 turns).

GoblinMemester the Conjurer (Octopode Wanderer)     Turns: 1469, Time: 00:12:58

Health: -1/29      AC:  1    Str: 12    XL:     4   Next: 7%
Magic:  6/6        EV: 13    Int: 15    God:
Gold:   29         SH:  0    Dex: 10    Spells: 3/6 levels left

rFire    . . .     SeeInvis .   a - +0 quarterstaff
rCold    . . .     Gourm    .   (shield currently unavailable)
rNeg     . . .     Faith    .   (helmet restricted)
rPois    .         Spirit   .   (no amulet)
rElec    .         Reflect  .   (no ring)
rCorr    .         Harm     .   (no ring)
MR       .....                  (no ring)
Stlth    +++.......             (no ring)
HPRegen  0.09/turn              (no ring)
MPRegen  0.10/turn              (no ring)
                                (no ring)
                                (no ring)

@: no status effects
A: almost no armour, stealthy swim, amphibious, 8 rings, constrict 8, camouflage
1, gelatinous body 1
a: no special abilities


You were on level 4 of the Dungeon.
You were not hungry.

You visited 1 branch of the dungeon, and saw 3 of its levels.

You collected 29 gold pieces.

Inventory:

Hand Weapons
 a - a +0 quarterstaff (weapon)
 c - a +0 short sword
Scrolls
 e - 2 scrolls of enchant armour
Potions
 i - a potion of degeneration {unknown}
 j - a potion of curing {unknown}
 k - 2 potions of lignification
Comestibles
 b - 2 chunks of flesh
 d - 2 rations


   Skills:
 + Level 2.3 Fighting
 - Level 2.0 Short Blades
 + Level 0.8 Staves
 - Level 2.0 Throwing
 * Level 1.2 Dodging
 + Level 2.2 Stealth
 * Level 1.6 Spellcasting
 + Level 2.5 Conjurations
 * Level 0.6 Translocations


You had 3 spell levels left.
You knew the following spells:

 Your Spells              Type           Power        Failure   Level  Hunger
a - Magic Dart            Conj           #...         8%          1    ##.....
b - Blink                 Tloc           N/A          26%         2    ###....

Your spell library contained the following spells:

 Spells                   Type           Power        Failure   Level  Hunger
 Call Imp                 Summ           #.......     34%         2    ###....
 Slow                     Hex            #.......     34%         2    ###....
 Conjure Flame            Conj/Fire      #.......     38%         3    ####...
 Mephitic Cloud           Conj/Pois/Air  #.......     43%         3    ####...


Dungeon Overview and Level Annotations

Branches:
Dungeon (2/15)

Altars:


Innate Abilities, Weirdness & Mutations

You cannot wear most types of armour.
You are very stealthy in the water. (Stealth+)
You are amphibious.
You can wear up to eight rings at the same time.
You can use your tentacles to constrict eight enemies at once.
Your skin changes colour to match your surroundings (Stealth+).
Your rubbery body absorbs attacks. (AC +1, EV +1)


Message History

The orc priest looks satisfied for a moment.
You feel sick.
A ball python comes into view.
The jackal barks!
A jackal comes into view.
A worker ant comes into view.
You feel sick.
You are no longer poisoned.
The worker ant twitches its antennae in your direction.
The ball python hisses angrily.
The jackal barks!
You hit the ball python but do no damage.
Your grab misses the ball python. The ball python bites you.
The ball python grabs you. The ball python constricts you.
The jackal bites you.
* * * LOW HITPOINT WARNING * * *
You sock the ball python!
You kill the ball python!
The jackal misses you. The worker ant bites you!
You die...

#.........#.#...#
#...........#.#.###
#.........#...#...# ..
########....###.#.#
... ###.....##...#..o.
. ....#..##.###..$.
...#+##h.#..##........
......#h....##........
......a@...o.o........
......##.......##.####
..... #.......?..#
.... ############ ...
.. .


You could see a worker ant, an orc priest, an orc and 2 jackals.

Vanquished Creatures
  An adder (D:4)
  An ooze (D:1)
  A worm (D:2)
  A dart slug (D:1)
  4 leopard geckos (D:1)
  4 bats
  A giant cockroach (D:4)
  5 goblins
  5 hobgoblins
  6 kobolds
  A ball python (D:4)
  3 frilled lizards
  7 rats
40 creatures vanquished.

Notes
Turn   | Place    | Note
-------+----------+-------------------------------------------
     0 | D:1      | GoblinMemester the Octopode Wanderer began the quest for
                  | the Orb.
     0 | D:1      | GoblinMemester set off with the following items: a +0
                  | quarterstaff, a +0 short sword, a ration; and the following
                  | spell memorised: Magic Dart; and the following spells
                  | available to memorise: Blink, Call Imp, Slow, Conjure
                  | Flame, Mephitic Cloud
     0 | D:1      | Reached XP level 1. HP: 14/14 MP: 2/2
   112 | D:1      | Reached XP level 2. HP: 3/19 MP: 1/3
   583 | D:1      | Reached XP level 3. HP: 24/24 MP: 3/5
   684 | D:1      | Reached skill level 1 in Dodging
  1143 | D:1      | Learned a level 2 spell: Blink
  1426 | D:2      | You fall into a shaft and drop 2 floors!
  1444 | D:4      | Reached XP level 4. HP: 21/29 MP: 4/6
  1469 | D:4      | Slain by a worker ant

Levels and vault maps discovered:
D:1:      kilobyte_arrival_exit_the_forest, layout_loops_ring, minmay_tromino_i2
D:2:      layout_basic
D:4:      layout_basic, kiku_gazebo_garden_becter, interstate_on_off, uniq_ijyb
